 Dungeon Crawl Stone Soup version 0.22-a0-558-gc2241811a9 (webtiles) character file.

7413 M4edhros the Protected (level 10, -1/77 HPs)
             Began as a Demonspawn Chaos Knight on June 27, 2018.
             Hit by a javelin thrown by a minotaur (25 damage)
             ... in a labyrinth.
             The game lasted 00:17:01 (5809 turns).

M4edhros the Protected (Demonspawn Chaos Knight)    Turns: 5809, Time: 00:17:01

Health: -1/77      AC: 23    Str: 13    XL:     10   Next: 93%
Magic:  10/10      EV:  6    Int: 14    God:    Xom [...*..]
Gold:   117        SH:  0    Dex: 17    Spells: 9/9 levels left

rFire    + . .     SeeInvis .   x - +4 scythe (protect)
rCold    . . .     Gourm    .   (shield currently unavailable)
rNeg     . . .     Faith    .   i - +0 plate armour
rPois    +         Spirit   .   (helmet restricted)
rElec    .         Reflect  .   (no cloak)
rCorr    .         Harm     .   (no gloves)
MR       .....                  (no boots)
Stlth    ..........             r - amulet of regeneration
HPRegen  0.62/turn              w - ring of wizardry
MPRegen  0.12/turn              C - ring of poison resistance

@: sanguine armour, studying Ice Magic
A: antennae 2, agile 1, blink, fire resistance 1, nightstalker 1, spiny 1, wild
magic 1, sanguine armour 2
a: Blink, Renounce Religion


You were in a labyrinth.
You worshipped Xom.
You were a favourite toy of Xom.
You were hungry.

You visited 2 branches of the dungeon, and saw 11 of its levels.
You also visited: Labyrinth.

You collected 460 gold pieces.
You spent 343 gold pieces at shops.

Inventory:

Hand Weapons
 a - a +0 spear of chaos
 l - the +1 short sword of Fortitude {flame, rC+++ MR- MP-9 Dex+7}
   (You found it on level 1 of the Lair of Beasts)

   It has been specially enchanted to burn those struck by it, causing extra
   injury to most foes and up to half again as much damage against particularly
   susceptible opponents.
   It affects your dexterity (+7).
   It renders you almost immune to cold.
   It affects your resistance to hostile enchantments.
   It affects your magic capacity (-9).
 x - a +4 scythe of protection (weapon)
Armour
 i - a +0 plate armour (worn)
 y - a +0 shield
Jewellery
 r - an amulet of regeneration (around neck)
 w - a ring of wizardry (left hand)
 C - a ring of poison resistance (right hand)
Wands
 n - a wand of iceblast (27)
 t - a wand of acid (10)
Scrolls
 d - 7 scrolls of identify
 e - 3 scrolls of remove curse
 g - 4 scrolls of teleportation
 h - a scroll of fog
 k - a scroll of amnesia
 B - a scroll of fear {unknown}
Potions
 f - a potion of agility
 j - a potion of might
 m - 2 potions of degeneration {unknown}
 o - a potion of resistance
 p - 2 potions of flight
 q - 2 potions of brilliance {unknown}
 s - a potion of lignification
 u - 2 potions of berserk rage
 v - a potion of invisibility {unknown}
 z - 3 potions of heal wounds
 A - a potion of haste {unknown}
Books
 b - a manual of Ice Magic
Comestibles
 c - 21 rations


   Skills:
 + Level 6.4 Fighting
 * Level 9.8 Polearms
 * Level 10.1 Armour
 + Level 5.1 Dodging


You had 9 spell levels left.
You didn't know any spells.
Your spell library was empty.

Dungeon Overview and Level Annotations

Branches:
Dungeon (9/15)               Lair (2/6) D:9
 Temple: D:4-7        Swamp: Lair:2-4    Shoals: Lair:2-4     Snake: Lair:2-4
 Spider: Lair:2-4       Orc: D:9-12

Altars:
Cheibriados
Dithmenos
Elyvilon
Gozag
Okawaru
Qazlal
Ru
Sif Muna
Xom
Yredelemnul
The Shining One

Shops:
D:9 !((


Innate Abilities, Weirdness & Mutations

You have a pair of antennae on your head.
You are slightly more attuned to the shadows.
You are partially covered in sharp spines.
When seriously injured, your bleeding wounds create thick armour. (AC +9)
You are agile. (Dex +2)
You can translocate small distances at will.
Your flesh is heat resistant. (rF+)
Your spells are a little harder to cast, but a little more powerful.


Message History

Aiming: Corrosive Bolt
Press: ? - help, Shift-Dir - straight line, f/p - minotaur
Aim: a minotaur, wielding a morningstar of draining, wearing a chain mail and wearing an ancient granite ring (lightly wounded)
The bolt of acid hits the minotaur.
The minotaur is splashed with acid.
The minotaur is moderately wounded.
The minotaur throws a javelin.
The javelin hits you!!
Your blood congeals into armour.
Evoke which item? (* to show all) (? for menu, Esc to quit)
Aiming: Iceblast
Press: ? - help, Shift-Dir - straight line, f/p - minotaur
Aim: a minotaur, wielding a morningstar of draining, wearing a chain mail and wearing an ancient granite ring (moderately wounded)
The mass of ice explodes!
The iceblast engulfs the minotaur.
The minotaur is moderately wounded.
The minotaur throws a javelin.
The javelin hits you!!
* * * LOW HITPOINT WARNING * * *
A shower of butterflies erupts from you!
Okay, then.
The minotaur throws a javelin.
The javelin hits you!!
You die...
Xom titters!

##. .# ≈#.. #
..#b#.≈≈#. # #
#.'...{≈#.####
. # # #(#
.......# #.#.#
#...###
#..H#######...#
. .#.
###...........#
# ###. #
#.#.#...#.#...#
.. . #
#.###@#.#.#####
. # ....#...#..
#.. .#..
######.### #.#
# # ## # ... ..
.#.# . . . #.#
.# #. # #.
#.... # # # ##


You could see a minotaur.

Vanquished Creatures
  4 black mambas
  A gargoyle (Lab)
  A minotaur skeleton (Lab)
  A hippogriff (Lair:1)
  A redback (Lab)
  A steam dragon (Lair:1)
  2 yaks (Lair:1)
  2 hungry ghosts
  3 basilisks
  2 water moccasins
  6 porcupines
  2 hell hounds (D:9)
  A sky beast (D:5)
  An ice beast (D:7)
  An ogre (D:9)
  5 centaurs (D:9)
  8 wolves
  2 crocodiles (Lair:1)
  2 bullfrogs
  2 earth elementals (Lab)
  5 killer bees (D:9)
  A scorpion (D:9)
  4 wights (D:7)
  2 troll skeletons (Lab)
  A crimson imp (D:7)
  A jelly (D:5)
  2 orc priests (D:3)
  A bullfrog skeleton (D:4)
  A hound (D:8)
  Ijyb (D:4)
  A centaur skeleton (D:9)
  An iguana (D:7)
  2 orc wizards
  4 worker ants
  A howler monkey skeleton (D:5)
  8 adders
  An ooze (D:1)
  3 worms
  3 dart slugs
  3 leopard geckos
  24 orcs
  2 giant cockroaches (D:1)
  4 goblins
  5 hobgoblins
  4 jackals
  A quokka (D:2)
  4 ball pythons
  8 bats
  4 frilled lizards
  6 kobolds
  5 rats
161 creatures vanquished.

Vanquished Creatures (collateral kills)
  The ghost of aragog127 the Blocker, a novice GrFi of Okawaru (Lair:1)
1 creature vanquished.

Vanquished Creatures (others)
  An ogre (D:3)
  An orc (D:3)
  2 fungi (Lair:1)
  A plant (Lair:1)
  A withered plant (D:7)
6 creatures vanquished.

Grand Total: 168 creatures vanquished

Notes
Turn   | Place    | Note
-------+----------+-------------------------------------------
     0 | D:1      | M4edhros the Demonspawn Chaos Knight began the quest for the Orb.
     0 | D:1      | Reached XP level 1. HP: 18/18 MP: 1/1
   181 | D:2      | Gained mutation: You are partially covered in sharp spines. [demonic ancestry]
   181 | D:2      | Reached XP level 2. HP: 24/24 MP: 2/2
   194 | D:2      | XOM: god gift: scroll labeled SEUKLORPHYK {god gift}
   236 | D:1      | Found a shimmering altar of Xom.
   378 | D:1      | XOM: harmless Necr miscast
   585 | D:1      | XOM: cloud trail
   628 | D:1      | XOM: god gift: plate armour {god gift}
   734 | D:2      | Reached XP level 3. HP: 20/29 MP: 3/3
   797 | D:2      | XOM: harmless Air miscast
  1249 | D:2      | Reached skill level 2 in Armour
  1584 | D:2      | Found a glowing golden altar of the Shining One.
  1678 | D:3      | Reached XP level 4. HP: 35/35 MP: 4/4
  1703 | D:3      | Found a white marble altar of Elyvilon.
  1739 | D:3      | XOM: cast spell 'Ring of Flames'
  1761 | D:3      | Found an opulent altar of Gozag.
  1765 | D:3      | XOM: confuse monster(s)
  1780 | D:3      | Reached skill level 3 in Armour
  1787 | D:3      | Gained mutation: You have a pair of small antennae on your head. [demonic ancestry]
  1787 | D:3      | Reached XP level 5. HP: 23/41 MP: 5/5
  1950 | D:3      | XOM: potion effect (haste)
  1953 | D:3      | XOM: cast spell 'Cause Fear'
  2058 | D:3      | Found a basalt altar of Yredelemnul.
  2187 | D:3      | Noticed an ogre
  2196 | D:3      | Banished an ogre
  2196 | D:3      | Reached skill level 4 in Armour
  2196 | D:3      | Gained mutation: You have a pair of antennae on your head. [demonic ancestry]
  2196 | D:3      | Reached XP level 6. HP: 30/47 MP: 6/6
  2328 | D:4      | Reached skill level 5 in Polearms
  2495 | D:4      | XOM: cloud trail
  2558 | D:4      | Found an iron altar of Okawaru.
  2686 | D:4      | XOM: divination: detect creatures
  2762 | D:4      | Noticed Ijyb
  2775 | D:4      | Killed Ijyb
  2779 | D:4      | Found a stormy altar of Qazlal.
  2780 | D:4      | Found an opulent altar of Gozag.
  2831 | D:4      | XOM: god gift: 38 gold pieces
  2911 | D:4      | Found a deep blue altar of Sif Muna.
  2912 | D:4      | Found a shadowy altar of Dithmenos.
  2912 | D:4      | Found a snail-covered altar of Cheibriados.
  2912 | D:4      | Found a sacrificial altar of Ru.
  2914 | D:4      | Found a shimmering altar of Xom.
  2978 | D:5      | Entered Level 5 of the Dungeon
  2978 | D:5      | Noticed a water moccasin
  2978 | D:5      | XOM: cast spell 'Leda's Liquefaction'
  2995 | D:5      | Killed a water moccasin
  2995 | D:5      | Reached skill level 5 in Armour
  3006 | D:5      | Gained mutation: When seriously injured, your bleeding wounds create armour. (AC +9) [demonic ancestry]
  3006 | D:5      | Reached XP level 7. HP: 22/52 MP: 7/7
  3242 | D:7      | XOM: medium Tmut miscast
  3243 | D:7      | XOM: summons friendly crimson imp
  3260 | D:7      | XOM: summons friendly quasit
  3266 | D:7      | Reached skill level 6 in Armour
  3528 | D:7      | XOM: cast spell 'Shadow Creatures'
  3534 | D:7      | Gained mutation: You are slightly more attuned to the shadows. [demonic ancestry]
  3534 | D:7      | Reached XP level 8. HP: 47/58 MP: 8/8
  3564 | D:7      | XOM: harmless Erth miscast
  3665 | D:9      | Reached skill level 1 in Dodging
  3672 | D:9      | XOM: confuse monster(s)
  3676 | D:9      | Reached skill level 7 in Armour
  3685 | D:9      | Found Daatat's Weapon Shop.
  3690 | D:9      | Bought a +2 scythe of protection for 187 gold pieces
  3707 | D:9      | XOM: scenery: create altars
  3708 | D:9      | XOM: scenery: create altars
  3718 | D:9      | XOM: medium Tmut miscast
  3720 | D:9      | HP: 2/58 [killer bee (5)]
  3737 | D:9      | HP: 3/87 [poisoned by a killer bee]
  4054 | D:9      | XOM: mild Tmut miscast
  4136 | D:9      | Found Duwiwiho's Weapon Emporium.
  4248 | D:9      | Found Xuhupeos's Distillery.
  4251 | D:9      | Bought a potion of heal wounds for 60 gold pieces
  4251 | D:9      | Bought a potion of curing for 36 gold pieces
  4251 | D:9      | Bought a potion of heal wounds for 60 gold pieces
  4262 | D:9      | XOM: noise
  4263 | D:9      | Found a staircase to the Lair.
  4275 | D:9      | Gained mutation: When seriously injured, your bleeding wounds create thick armour. (AC +9) [demonic ancestry]
  4275 | D:9      | Reached XP level 9. HP: 45/65 MP: 9/9
  4311 | D:9      | Reached skill level 8 in Armour
  4323 | Lair:1   | Entered Level 1 of the Lair of Beasts
  4377 | Lair:1   | Found a runed gate.
  4377 | Lair:1   | Found a runed gate.
  4377 | Lair:1   | Found a runed gate.
  4378 | Lair:1   | Noticed aragog127's ghost (novice GrFi)
  4378 | Lair:1   | Noticed a black mamba
  4391 | Lair:1   | Noticed a black mamba
  4403 | Lair:1   | Killed a black mamba
  4456 | Lair:1   | XOM: noise
  4464 | Lair:1   | XOM: confusion
  4474 | Lair:1   | XOM: potion effect (agility)
  4495 | Lair:1   | XOM: divination: detect creatures
  4496 | Lair:1   | XOM: divination: magic mapping
  4515 | Lair:1   | XOM: noise
  4518 | Lair:1   | Reached skill level 5 in Fighting
  4539 | Lair:1   | XOM: scenery: create altars
  4592 | Lair:1   | XOM: give mutations
  4592 | Lair:1   | Gained mutation: Your flesh is heat resistant. (rF+) [Xom's grace]
  4592 | Lair:1   | Gained mutation: You can translocate small distances at will. [Xom's grace]
  4592 | Lair:1   | Gained mutation: Your spells are a little harder to cast, but a little more powerful. [Xom's grace]
  4663 | Lair:1   | XOM: polymorph wolf -> steam dragon
  4755 | Lair:1   | XOM: god gift: wand of acid (10)
  4848 | Lair:1   | Reached skill level 9 in Armour
  4850 | Lair:1   | Reached XP level 10. HP: 66/74 MP: 10/10
  4902 | Lair:1   | Killed a black mamba
  4925 | Lair:1   | XOM: divination: detect creatures
  4929 | Lair:1   | XOM: summons 7 friendly demons
  4938 | Lair:1   | Killed aragog127's ghost
  4964 | Lair:1   | Got a shimmering short sword
  4969 | Lair:1   | Identified the cursed +1 short sword of Fortitude {flame, rC+++ MR- MP-9 Dex+7} (You found it on level 1 of the Lair of Beasts)
  5064 | Lair:2   | Noticed a black mamba
  5069 | Lair:2   | XOM: give mutation
  5069 | Lair:2   | Gained mutation: You are agile. (Dex +2) [Xom's grace]
  5074 | Lair:2   | Killed a black mamba
  5270 | Lair:2   | XOM: 2-stop teleportation journey
  5282 | Lair:2   | Noticed a black mamba
  5289 | Lair:2   | XOM: cleaving
  5296 | Lair:2   | Killed a black mamba
  5298 | Lair:2   | Found a labyrinth entrance.
  5303 | Lair:2   | XOM: cleaving
  5306 | Lab      | Entered a labyrinth
  5329 | Lab      | XOM: chaos cloud
  5340 | Lab      | Paralysed by you for 4 turns
  5357 | Lab      | XOM: butterfly on damage
  5427 | Lab      | Reached skill level 10 in Armour
  5427 | Lab      | Reached skill level 5 in Dodging
  5472 | Lab      | XOM: fake destruction
  5501 | Lab      | Noticed a gargoyle
  5502 | Lab      | XOM: enchant monster (good)
  5508 | Lab      | Killed a gargoyle
  5796 | Lab      | Noticed a minotaur
  5801 | Lab      | XOM: butterfly on damage
  5809 | Lab      | Hit by a javelin thrown by a minotaur

Vault maps used:
D:1:      sevenhm_arrival_forest_fort_small_6, xom_teletrap_fun
D:2:      tso_oasis_becter
D:3:      kennysheep_ying_yang, first_ration, nicolae_gozag_seed_capital
D:4:      minitemple, okawaru_metal_pillars_1_2, uniq_ijyb
D:5:      nicolae_temple_entry_ecumenical
D:6:      mrwooster_statue_mirror, kennysheep_small_circle
D:7:      grunt_temple_overflow_growth_and_decay, basic_altar, grunt_livestock,
          trog_book
D:8:      kennysheep_mini, serial_shops, shop, uniq_erica
D:9:      minmay_lair_entry_lava, serial_shops, kennysheep_little_box, shop,
          kennysheep_mini_moat, nicolae_shop_trees, serial_curves,
          eino_curves_03, eino_curves_04, eino_curves_02
Lair:1:   gammafunk_ghost_split, st_stairs_5, beast_lair_carwin_4,
          lemuel_fruit_tree
Lair:2:   lab_entry_generic, nicolae_volcano_entry_batcave,
          eino_small_chamber_without_monster
Lab:      labyrinth_watery, nicolae_lab_arrow, nicolae_lab_t_cross,
          nicolae_lab_dead_end, nicolae_lab_diamond, labyrinth_glass_1,
          nicolae_lab_lava, nicolae_lab_grate, labyrinth_lava_lair,
          nicolae_lab_big_swirl

Skill      XL: |  1  2  3  4  5  6  7  8  9 10 |
---------------+-------------------------------+-----
Polearms       | 3 4 5 6 7 8 9 |  9.8
Armour         | 2 3 4 5 6 7 9 10 | 10.1
Dodging        | 2 4 5 |  5.1
Fighting       | 4 5 6 |  6.4

Action                   |  1- 3 |  4- 6 |  7- 9 | 10-12 || total
-------------------------+-------+-------+-------+-------++-------
Melee: Spear             |   104 |   163 |   204 |   132 ||   603
       Scythe            |       |       |    34 |    35 ||    69
       Unarmed           |       |       |     4 |     3 ||     7
Evoke: Wand              |       |       |     8 |     8 ||    16
  Use: Scroll            |     1 |       |     9 |     1 ||    11
       Potion            |       |       |     9 |       ||     9
 Stab: Sleeping          |     1 |       |       |       ||     1
       Confused          |     1 |       |     3 |     1 ||     5
       Paralysed         |       |     2 |     3 |     4 ||     9
       Petrified         |       |       |     6 |     7 ||    13
       Invisible         |       |       |       |     1 ||     1
  Eat: Chunk             |     2 |     4 |    11 |     1 ||    18
       Ration            |       |       |       |     1 ||     1
Armor: Leather armour    |     9 |       |       |       ||     9
       Plate armour      |    22 |    94 |   193 |   100 ||   409
       Skin              |       |       |     2 |       ||     2
Dodge: Dodged            |    22 |    16 |    59 |    26 ||   123

Table legend:
 A = Spawn XP
 B = Non-spawn XP
 C = Spawn XP percentage of total XP
 D = Spawn monster count
 E = Non-spawn monster count
 F = Spawn count percentage of total count
 G = Total turns spent on level
                    A         B        C        D         E        F      G
               +---------+---------+-------+---------+---------+-------+---------
         Total |       0 |   10591 |   0.0 |       0 |     164 |   0.0 |  5809
               +---------+---------+-------+---------+---------+-------+---------
           D:1 |       0 |      32 |   0.0 |       0 |      18 |   0.0 |   685
           D:2 |       0 |      64 |   0.0 |       0 |      17 |   0.0 |   979
           D:3 |       0 |     310 |   0.0 |       0 |      31 |   0.0 |   646
           D:4 |       0 |     161 |   0.0 |       0 |      13 |   0.0 |   668
           D:5 |       0 |     431 |   0.0 |       0 |      10 |   0.0 |   185
           D:6 |       0 |      39 |   0.0 |       0 |       2 |   0.0 |    48
           D:7 |       0 |     503 |   0.0 |       0 |      10 |   0.0 |   372
           D:8 |       0 |      40 |   0.0 |       0 |       1 |   0.0 |    76
           D:9 |       0 |    1625 |   0.0 |       0 |      24 |   0.0 |   664
        Lair:1 |       0 |    3934 |   0.0 |       0 |      20 |   0.0 |   681
        Lair:2 |       0 |    1809 |   0.0 |       0 |       9 |   0.0 |   302
           Lab |       0 |    1643 |   0.0 |       0 |       9 |   0.0 |   503
               +---------+---------+-------+---------+---------+-------+---------
